 Dungeon Crawl Stone Soup version 0.30-a0-1075-gcd70e7a56d (webtiles) character file.

Game seed: 7088330305003157153

46 Zeldest the Charlatan (level 3, -19/26 HPs)
             Began as a Human Artificer on Apr 14, 2023.
             Killed themself with a badly aimed iceblast (25 damage)
             ... on level 2 of the Dungeon.
             The game lasted 00:02:52 (1940 turns).

Zeldest the Charlatan (Human Artificer)             Turns: 1940, Time: 00:02:53

Health: -19/26     AC:  3    Str: 12    XL:     3   Next: 95%
Magic:  7/7        EV: 11    Int: 13    God:
Gold:   71         SH:  0    Dex: 13    Spells: 7/7 levels left

rFire   . . .      SeeInvis .    h - +0 dagger
rCold   . . .      Faith    .    (no shield)
rNeg    . . .      Spirit   .    b - +0 leather armour
rPois   .          Reflect  .    (no helmet)
rElec   .          Rampage  .    (no cloak)
rCorr   .                        (no gloves)
Will    .....                    (no boots)
Stlth   +                        (no amulet)
HPRegen 0.24/turn                (no ring)
MPRegen 0.10/turn                (no ring)

@: no status effects
A: no striking features
a: no special abilities


You were on level 2 of the Dungeon.
You visited 1 branch of the dungeon, and saw 2 of its levels.

You collected 71 gold pieces.

Inventory:

Hand Weapons
 h - a +0 dagger (weapon)
Armour
 b - a +0 leather armour (worn)
 m - a +2 kite shield
Wands
 c - a wand of flame (13) (quivered)
 d - a wand of charming (9)
 e - a wand of iceblast (5)
Scrolls
 a - 4 scrolls of enchant weapon {unknown}
 f - a scroll of magic mapping {unknown}
 g - a scroll of teleportation {unknown}
 i - 2 scrolls of identify {unknown}
Potions
 j - a potion of heal wounds {unknown}
 k - a potion of mutation {unknown}
 l - 3 potions of curing {unknown}


   Skills:
 - Level 1.0 Fighting
 - Level 2.0 Armour
 - Level 1.0 Dodging
 - Level 1.0 Stealth
 + Level 2.9 Spellcasting
 - Level 3.0 Evocations


You had 7 spell levels left.
You didn't know any spells.
Your spell library was empty.

Dungeon Overview and Level Annotations

Branches:
Dungeon (2/15) Zot: 10051

Altars:


Message History

Natasha is heavily wounded.
Natasha claws you.
You closely miss Natasha.
Natasha is heavily wounded.
Natasha claws you.
You barely miss Natasha. You punch Natasha, but do no damage.
Natasha is heavily wounded.
Natasha barely misses you.
You closely miss Natasha.
Natasha is heavily wounded.
Natasha casts a spell.
You barely miss Natasha.
Natasha is heavily wounded.
Natasha mumbles some strange words.
You feel troubled.
Natasha mumbles some strange words.
The cerulean imp closely misses you.
You hit Natasha but do no damage.
Natasha is heavily wounded.
Natasha howls an incantation.
You feel disoriented.
Natasha stares at you and mumbles some strange words.
The magic dart hits you.
The cerulean imp hits you with a +2 spear.
* * * LOW HITPOINT WARNING * * *
The cerulean imp barely misses you.
Okay, then.
Okay, then.
Okay, then.
Aiming: Iceblast
Press: ? - help, Shift-Dir - straight line, f - Natasha
Aim: Natasha (heavily wounded) That beam is likely to hit you.
Continue anyway?
The mass of ice explodes!
The iceblast engulfs Natasha!
You kill Natasha!
Natasha screams in fury as she dies!
The cerulean imp disappears in a puff of smoke! x2
The iceblast engulfs you!!
Ouch! That really hurt!
You die...

#### ... .. ..# #.#
... #.# #.# #.###
#§# ##...## #†#
##⌠...⌠## #@#
#.......# #§#
#K..<...# #.#
#.......# #.#
#...⌠[..#
#######.####.......#
#....[....).......##
#.#####.###########
#.#####.########
#...........)..#


There were no monsters in sight!

Vanquished Creatures
  Natasha (D:2)
  A dart slug (D:1)
  2 ball pythons
  2 endoplasms (D:1)
  A giant cockroach (D:1)
  5 goblins
  6 hobgoblins
  A jackal (D:1)
  10 kobolds
  2 quokkas (D:2)
  3 bats (D:1)
  A frilled lizard (D:1)
  A rat (D:1)
36 creatures vanquished.

Vanquished Creatures (collateral kills)
  A bat (D:1)
  A hobgoblin (D:1)
2 creatures vanquished.

Vanquished Creatures (others)
  A giant cockroach (D:1)
  A hobgoblin (D:1)
  2 jackals (D:1)
  A quokka (D:1)
5 creatures vanquished.

Grand Total: 43 creatures vanquished

Notes
Turn   | Place    | Note
-------+----------+-------------------------------------------
     0 | D:1      | Zeldest the Human Artificer began the quest for the Orb.
     0 | D:1      | Reached XP level 1. HP: 15/15 MP: 1/1
   136 | D:1      | Reached skill level 1 in Spellcasting
   171 | D:1      | Reached XP level 2. HP: 1/21 MP: 3/3
   623 | D:1      | Reached XP level 3. HP: 4/26 MP: 6/6
  1004 | D:1      | HP: 1/26 [quokka (3)]
  1025 | D:1      | HP: 1/26 [kobold/+0 short sword (2)]
  1928 | D:2      | Noticed Natasha
  1940 | D:2      | Killed Natasha
  1940 | D:2      | Killed themself with a badly aimed iceblast

Illustrated notes

Levels and vault maps discovered:
D:1:      scummos_arrival_simple_fountains, layout_rooms, st_stairs_11,
          minmay_indecisive_spiral
D:2:      layout_loops_ring, dreamdust_wishing_well, grunt_ministairs_1,
          grunt_decor_junction, uniq_natasha

Skill      XL: |  1  2 |
---------------+-------+-----
Spellcasting   | 1 2 |  2.9
Fighting       | |  1.0
Armour         | |  2.0
Dodging        | |  1.0
Stealth        | |  1.0
Evocations     | |  3.0

Action                     || total
---------------------------++-------
  Melee: Club              ||    30
         Dagger            ||   199
         Punch             ||     4
  Evoke: Wand              ||     8
 Armour: Leather armour    ||    84
  Dodge: Dodged            ||   164

Table legend: (Time is in decaauts)
 A = Elapsed time spent in this place.
 B = Non-inter-level travel time spent in this place.
 C = Inter-level travel time spent in this place.
 D = Time resting spent in this place.
 E = Time spent auto-exploring this place.
 F = Levels seen in this place.
 G = Mean time per level.
                   A        B        C        D        E       F      G
               +--------+--------+--------+--------+--------+-----+--------+
         Total |   1948 |   1904 |     44 |    940 |    436 |   2 |  974.0 |
       Dungeon |   1948 |   1904 |     44 |    940 |    436 |   2 |  974.0 |
               +--------+--------+--------+--------+--------+-----+--------+

Top non-repeatable levels by time:
     D:1: 1557 daAuts
     D:2: 390 daAuts
